 Dungeon Crawl Stone Soup version 0.29-a0-911-g88e6f02907 (webtiles) character file.

Game seed: 8750922556503694436

1 Aviak the Magician (level 1, -1/15 HPs)
             Began as a Djinni Ice Elementalist on July 25, 2022.
             Slain by a rat (2 damage)
             ... on level 1 of the Dungeon.
             The game lasted 00:00:15 (24 turns).

Aviak the Magician (Djinni Ice Elementalist)          Turns: 24, Time: 00:00:15

Health: -1/15      AC:  2    Str:  7    XL:     1   Next: 22%
Gold:   0          EV: 12    Int: 16    God:
                   SH:  0    Dex: 13

rFire   + + .      SeeInvis .   b - +0 hand axe
rCold   x . .      Faith    .   (no shield)
rNeg    . . .      Spirit   .   a - +0 robe
rPois   ∞          Reflect  .   (no helmet)
rElec   .          Harm     .   (no cloak)
rCorr   .          Rampage  .   (no gloves)
Will    .....                   (boots unavailable)
Stlth   ++........              (no amulet)
HPRegen 0.05/turn               (no ring)
MPRegen 0.00/turn               (no ring)

@: flying
A: sickness immunity, fire resistance 2, cold vulnerability 1, float, innate
caster, HP casting, extra vitality 1
a: no special abilities


You were on level 1 of the Dungeon.
You visited 1 branch of the dungeon, and saw 1 of its levels.

Inventory:

Hand Weapons
 b - a +0 hand axe (weapon)
Armour
 a - a +0 robe (worn)


   Skills:
 + Level 2.2 Dodging
 - Level 1.5 Stealth
 + Level 3.3 Spellcasting


You couldn't memorise any spells.
You knew the following spells:

 Your Spells              Type           Power      Damage    Failure   Level
a - Freeze                Ice            52%        1d7       4%          1
b - Frozen Ramparts       Ice            26%        1d4       14%         3
c - Ozocubu's Armour      Ice            13%        N/A       14%         3
d - Hailstorm             Conj/Ice       13%        3d5       43%         4
Your spell library was empty.

Dungeon Overview and Level Annotations

Branches:
Dungeon (1/15) Zot: 5975

Altars:


Innate Abilities, Weirdness & Mutations

You are immune to sickness and miasma.
You are immune to poison.
Your flesh is very heat resistant. (rF++)
You are vulnerable to cold. (rC-)
You float through the air rather than walking.
You learn spells naturally, not from books.
Your magical power is your life essence.
You have superior vitality. (+4 MHP)


Message History

Found a hand axe, a ring mail and a robe.
Found a staircase leading out of the dungeon.
You begin with the following spells memorised: Freeze, Frozen Ramparts, Ozocubu's Armour, Hailstorm.
A goblin comes into view. It is wielding a +0 club.
You see here a +0 hand axe.
b - a +0 hand axe
b - a +0 hand axe (weapon)
No target in view!
The goblin shouts!
No target in view!
No target in view!
No target in view!
You hit the goblin.
You kill the goblin!
No target in view!
No target in view!
Things that are here:
a +0 club; a goblin corpse
Found a leather armour.
A rat comes into view.
Found 8 gold pieces.
A rat is nearby!
An endoplasm comes into view.
Found a runed mace.
You hit the endoplasm.
The endoplasm is moderately wounded.
The endoplasm freezes you.
You are frozen.
You feel a terrible chill! The rat misses you. The endoplasm freezes you.
You are frozen.
You hit the endoplasm but do no damage.
The endoplasm is moderately wounded.
You barely miss the rat. The rat bites you. The endoplasm freezes you.
You are frozen!
You feel a terrible chill!
* * * LOW HITPOINT WARNING * * *
Unknown command.
The endoplasm attacks as you move away! The endoplasm barely misses you.
The rat attacks as you move away! The rat bites you.
You die...

.. ...### #. ...#.#.
.... ## #.####....#.
..$. .. ...#.... [....
).... .. ...... .....
.... ..#### ...#
#.#.#... # #...###
#.###.#.#.##..#
#.....###...#.#....!..#
##........##.)..@r.#
#....[....#######J.#
#...<.....# .....
.....♣...## .####.#
.........# .#
........## .# ###...[.#
.# ###...# .. ####.


You could see an endoplasm and a rat.

Vanquished Creatures
  A goblin (D:1)
1 creature vanquished.

Notes
Turn   | Place    | Note
-------+----------+-------------------------------------------
     0 | D:1      | Aviak the Djinni Ice Elementalist began the quest for the
                  | Orb.
     0 | D:1      | Aviak set off with the following spells memorised: Freeze,
                  | Frozen Ramparts, Ozocubu's Armour, Hailstorm.
     0 | D:1      | Reached XP level 1. HP: 15/15 MP: 0/0
    24 | D:1      | Slain by a rat

Illustrated notes

Levels and vault maps discovered:
D:1:      spicycebolla_green_bress_n_ham, layout_basic

Action                   || total
-------------------------++-------
Melee: Hand axe          ||     3
Dodge: Dodged            ||     2

Table legend: (Time is in decaauts)
 A = Elapsed time spent in this place.
 B = Non-inter-level travel time spent in this place.
 C = Inter-level travel time spent in this place.
 D = Time resting spent in this place.
 E = Time spent auto-exploring this place.
 F = Levels seen in this place.
 G = Mean time per level.
                   A        B        C        D        E       F      G
               +--------+--------+--------+--------+--------+-----+--------+
         Total |     24 |     24 |      0 |      0 |      8 |   1 |   24.0 |
       Dungeon |     24 |     24 |      0 |      0 |      8 |   1 |   24.0 |
               +--------+--------+--------+--------+--------+-----+--------+

Top non-repeatable levels by time:
     D:1: 24 daAuts
